AoeStats
← Leo

Arabia

509867964Analyzed
2v2 RM · 2d ago on Sep 28, 2026· 44m 29s· 4 players
Game mode
Random Map
Map size
Medium (4 player)
Population
200
Speed
Normal
Resources
Standard
Victory
Conquest
Starting age
Dark Age
Ending age
Imperial Age
RankedLock teamsTeams togetherTeam positionsShared explorationLock speedFull tech treeHidden civsTurbo modeCheats
Victory
Defeat
🇮🇸 Saxons · Iceland
1263
+12
🇮🇳 Britons · India
1252
+13
🇲🇳 Magyars · Mongolia
1254
-15
🇲🇳 Chinese · Mongolia
1115
-10
ayushdy2004
7:57 Loom
10:38 Feudal Age
11:11 Double-Bit Axe
13:07 Gold Mining
15:40 Fletching
17:45 Horse Collar
20:06 Padded Archer Armor
23:34 Castle Age
24:30 Bodkin Arrow
23:56 Crossbowman
24:47 Bow Saw
26:16 Gold Shaft Mining
28:31 Heavy Plow
29:11 Leather Archer Armor
29:27 Ballistics
30:51 Wheelbarrow
31:06 Stone Mining
33:54 Hand Cart
37:20 Yeomen
40:16 Imperial Age
37:32 Town Watch
39:16 Town Patrol
41:58 Chemistry
42:06 Bracer
41:27 Arbalester
42:20 Masonry
43:14 Siege Engineers
43:51 Conscription
Creamy 'Baldursson' Jones
6:47 Loom
10:12 Feudal Age
12:04 Double-Bit Axe
13:09 Horse Collar
16:05 Wheelbarrow
19:43 Fletching
20:37 Padded Archer Armor
23:04 Castle Age
23:56 Scale Mail Armor
23:55 Bodkin Arrow
24:53 Scale Mail Armor
24:46 Gambesons
25:57 Squires
26:17 Crossbowman
32:51 Gambesons
35:02 Heavy Plow
35:18 Forging
35:26 Chain Mail Armor
37:41 Gold Mining
39:44 Forging
43:25 Leather Archer Armor
43:22 Thumb Ring
44:20 Ballistics
Ubarino
6:54 Loom
9:07 Feudal Age
10:06 Double-Bit Axe
14:32 Horse Collar
22:04 Castle Age
21:14 Scale Barding Armor
24:01 Bloodlines
23:51 Husbandry
24:16 Gold Mining
24:39 Bow Saw
26:38 Fletching
30:46 Padded Archer Armor
31:11 Bodkin Arrow
36:40 Chain Barding Armor
39:17 Leather Archer Armor
39:41 Wheelbarrow
40:16 Ballistics
43:05 Corvinian Army
Leo
6:39 Loom
9:47 Feudal Age
11:39 Double-Bit Axe
12:24 Horse Collar
14:12 Forging
13:57 Fletching
17:38 Man-at-Arms
20:18 Forging
19:57 Arson
25:19 Castle Age
24:08 Gold Mining
25:54 Padded Archer Armor
26:20 Bodkin Arrow
25:57 Elite Skirmisher
27:43 Leather Archer Armor
29:13 Heavy Plow
32:37 Ballistics
34:56 Imperial Age
33:40 Thumb Ring
33:55 Bow Saw
39:08 Bracer
42:54 Light Cavalry
44:04 Scale Barding Armor
44:34 Iron Casting
44:37 Bloodlines
44:28 Husbandry
Connection lost

Rejoining the realm…

Still unreachable

The connection could not be restored.

Session expired

The server has moved on; the page needs a fresh start.